 Dungeon Crawl Stone Soup version 0.30-a0-738-g116ff8c4af (webtiles) character file.

Game seed: 6522895809465621965

95 cheesebisquit the Digger (level 4, -1/24 HPs)
             Began as a Gargoyle Earth Elementalist on Feb 3, 2023.
             Slain by an adder (3 damage)
             ... on level 3 of the Dungeon.
             The game lasted 00:04:54 (1421 turns).

cheesebisquit the Digger (GrEE)                     Turns: 1421, Time: 00:04:55

Health: -1/24      AC:  9    Str: 11    XL:     4   Next: 65%
Magic:  2/7        EV: 11    Int: 18    God:
Gold:   109        SH:  0    Dex: 10    Spells: 6/7 levels left

rFire   . . .      SeeInvis .    j - +2 mace (venom)
rCold   . . .      Faith    .    (no shield)
rNeg    + + .      Spirit   .    a - +0 robe
rPois   ∞          Reflect  .    e - +2 helmet
rElec   +          Harm     .    (no cloak)
rCorr   .          Rampage  .    d - +0 pair of gloves
Will    .....                    (no boots)
Stlth   ++                       (no amulet)
HPRegen 0.24/turn                k - ring of positive energy
MPRegen 0.10/turn                (no ring)

@: no status effects
A: sickness immunity, AC +3, negative energy resistance 1, electricity
resistance, torment resistance 1, petrification resistance
a: no special abilities


You were on level 3 of the Dungeon.
You visited 1 branch of the dungeon, and saw 3 of its levels.

You collected 109 gold pieces.

Inventory:

Hand Weapons
 j - a +2 mace of venom (weapon)
Missiles
 h - 5 poisoned darts
Armour
 a - a +0 robe (worn)
 d - a +0 pair of gloves (worn)
 e - a +2 helmet (worn)
Jewellery
 k - a ring of positive energy (left hand)
Scrolls
 f - 2 scrolls of identify {unknown}
 g - a scroll of poison {unknown}
 i - a scroll of teleportation {unknown}
Potions
 b - a potion of magic
 c - a potion of might {unknown}


   Skills:
 - Level 1.5 Dodging
 - Level 2.1 Stealth
 - Level 2.0 Spellcasting
 - Level 0.7 Transmutations
 + Level 6.3 Earth Magic


You had 6 spell levels left.
You knew the following spells:

 Your Spells              Type           Power      Damage    Failure   Level
a - Sandblast             Erth           48%        2d12      1%          1

Your spell library contained the following spells:

 Spells                   Type           Power      Damage    Failure   Level
 Passwall                 Tmut/Erth      11%        N/A       6%          2
 Stone Arrow              Conj/Erth      26%        3d8       14%         3
 Petrify                  Tmut/Erth      14%        N/A       38%         4
 Frozen Ramparts          Ice            2%         1d1       47%         3
 Ice Form                 Ice/Tmut       3%         N/A       83%         4
 Summon Ice Beast         Ice/Summ       1%         N/A       87%         4
 Malign Gateway           Summ/Tloc      0%         N/A       100%        7
 Summon Horrible Things   Summ           0%         N/A       100%        8


Dungeon Overview and Level Annotations

Branches:
Dungeon (3/15)

Altars:

Annotations:
D:3 Ijyb


Innate Abilities, Weirdness & Mutations

You are immune to sickness and miasma.
Your stone body is resilient. (AC +3)
You are immune to poison.
You resist negative energy. (rN+)
You are resistant to electric shocks. (rElec)
You are resistant to unholy torment.
You are immune to petrification.


Message History

k - a ring of positive energy
k - a ring of positive energy (left hand) Ijyb the Twisted Goblin comes into view.
She is wielding a +0 dagger and carrying a wand of flame (23).
Found a falchion.
An adder comes into view.
Ijyb shouts!
The adder hisses angrily.
Aiming: Sandblast (safe; 1% risk of failure)
Press: ? - help, Q - select action, (/) - cycle Shift-Dir - straight line, f - Ijyb
Aim: Ijyb, wielding a +0 dagger, wearing a +0 leather armour and carrying a wand of flame (23) (79% to hit)
The blast of sand hits Ijyb.
Ijyb is moderately wounded.
Ijyb zaps a wand.
The puff of flame hits you!
Ouch! That really hurt!
Aiming: Sandblast (safe; 1% risk of failure)
Press: ? - help, Q - select action, (/) - cycle Shift-Dir - straight line, f/p - Ijyb
Aim: Ijyb, wielding a +0 dagger, wearing a +0 leather armour and carrying a wand of flame (22) (moderately wounded, 79% to hit)
The blast of sand hits Ijyb!
Ijyb is severely wounded.
Ijyb zaps a wand.
The puff of flame hits you!
* * * LOW HITPOINT WARNING * * *
Aiming: Sandblast (safe; 1% risk of failure)
Press: ? - help, Q - select action, (/) - cycle Shift-Dir - straight line, f/p - Ijyb
Aim: Ijyb, wielding a +0 dagger, wearing a +0 leather armour and carrying a wand of flame (21) (severely wounded, 79% to hit)
The blast of sand hits Ijyb.
Ijyb is almost dead.
The adder barely misses you. Ijyb hits you but does no damage.
Aiming: Sandblast (safe; 1% risk of failure)
Press: ? - help, Q - select action, (/) - cycle Shift-Dir - straight line, f/p - Ijyb
Aim: Ijyb, wielding a +0 dagger, wearing a +0 leather armour and carrying a wand of flame (21) (almost dead, 79% to hit)
The blast of sand hits Ijyb but does no damage.
Ijyb is almost dead.
The adder bites you but does no damage. The adder bites you.
* * * LOW HITPOINT WARNING * * *
Ijyb hits you but does no damage.
Aiming: Sandblast (safe; 1% risk of failure)
Press: ? - help, Q - select action, (/) - cycle Shift-Dir - straight line, f/p - Ijyb
Aim: Ijyb, wielding a +0 dagger, wearing a +0 leather armour and carrying a wand of flame (21) (almost dead, 79% to hit)
The blast of sand misses Ijyb.
The adder bites you.
You die...

###### #......... #.....#
.........# ##.......
.........# #......).
.........# #.........#
.........# #.........
##.......# #.g.......
#........#######@S.!.....
........................##
.####).#######...........#
.....†.........#.........#
#####.##########.......<.#
##.# #.........# #..#
..........# ###..#
.#.......## ##....####
##.....##


You could see Ijyb and an adder.

Vanquished Creatures
  Terence (D:2)
  3 adders (D:2)
  A worm (D:2)
  4 endoplasms
  A giant cockroach (D:2)
  3 goblins
  4 hobgoblins
  5 ball pythons
  6 bats
  2 frilled lizards
  6 kobolds
  6 rats
42 creatures vanquished.

Notes
Turn   | Place    | Note
-------+----------+-------------------------------------------
     0 | D:1      | cheesebisquit the Gargoyle Earth Elementalist began the
                  | quest for the Orb.
     0 | D:1      | Reached XP level 1. HP: 10/10 MP: 3/3
    94 | D:1      | Reached skill level 4 in Earth Magic
   202 | D:1      | Reached XP level 2. HP: 15/15 MP: 3/5
   677 | D:2      | Reached XP level 3. HP: 19/19 MP: 2/6
   679 | D:2      | Reached skill level 5 in Earth Magic
   938 | D:2      | Reached XP level 4. HP: 24/24 MP: 3/7
  1182 | D:2      | Reached skill level 6 in Earth Magic
  1268 | D:3      | Noticed Terence
  1283 | D:2      | Killed Terence
  1415 | D:3      | Noticed Ijyb
  1421 | D:3      | Slain by an adder

Illustrated notes

Levels and vault maps discovered:
D:1:      lightli_arrival_windingriver, layout_rooms, grunt_decor_one_mirror,
          st_stairs_4
D:2:      layout_rooms
D:3:      layout_rooms, basic_ecumenical_altar, uniq_grinder, uniq_terence,
          uniq_jessica, uniq_ijyb

Skill      XL: |  1  2  3  4 |
---------------+-------------+-----
Earth Magic    | 4 5 6 |  6.3
Dodging        | |  1.5
Stealth        | |  2.1
Spellcasting   | |  2.0
Transmutations | |  0.7

Action                     |  1- 3 |  4- 6 || total
---------------------------+-------+-------++-------
  Melee: Unarmed           |    13 |       ||    13
         Mace              |       |     4 ||     4
         Punch             |       |     1 ||     1
   Cast: Sandblast         |    42 |    26 ||    68
 Armour: Robe              |    10 |    11 ||    21
  Dodge: Dodged            |    11 |     8 ||    19

Table legend: (Time is in decaauts)
 A = Elapsed time spent in this place.
 B = Non-inter-level travel time spent in this place.
 C = Inter-level travel time spent in this place.
 D = Time resting spent in this place.
 E = Time spent auto-exploring this place.
 F = Levels seen in this place.
 G = Mean time per level.
                   A        B        C        D        E       F      G
               +--------+--------+--------+--------+--------+-----+--------+
         Total |   1456 |   1417 |     39 |      0 |   1166 |   3 |  485.3 |
       Dungeon |   1456 |   1417 |     39 |      0 |   1166 |   3 |  485.3 |
               +--------+--------+--------+--------+--------+-----+--------+

Top non-repeatable levels by time:
     D:2: 778 daAuts
     D:1: 590 daAuts
     D:3: 87 daAuts
